[Event "ICC tourney 2198 (45 10)"]
[Site "Internet Chess Club"]
[Date "2020.12.12"]
[Round "1"]
[White "Arsalchess"]
[Black "landonp"]
[Result "1/2-1/2"]
[ICCResult "Game drawn by repetition"]
[WhiteElo "1901"]
[BlackElo "1426"]
[Opening "Ruy Lopez: 5.O-O"]
[ECO "C78"]
[NIC "RL.12"]
[Time "11:02:27"]
[PlyCount "73"]
[TimeControl "2700+10"]


1. e4 e5 2. Nf3 Nc6 3. Bb5 a6 4. Ba4 Nf6 5. O-O b5 6. Bb3 Bc5 7. c3 d6 8.
d4 Bb6 9. h3 exd4 10. cxd4 O-O 11. Bg5 h6 12. Bh4 Re8 13. Bd5 Bb7 14. Qc1
Nxd4 15. Nxd4 Bxd5 16. exd5 Bxd4 17. Qd2 Ne4 18. Qxd4 Qxh4 19. Re1 Ng3 20.
Rxe8+ Rxe8 21. Qxh4 Re1+ 22. Kh2 Nf1+ 23. Kg1 Ng3+ 24. Kh2 Nf1+ 25. Kh1
Ng3+ 26. Kh2 Nf1+ 27. Kh1 Ng3+ 28. Kh2 Nf1+ 29. Kg1 Ng3+ 30. Kh2 Nf1+ 31.
Kg1 Ng3+ 32. Kh2 Nf1+ 33. Kh1 Ng3+ 34. Kh2 Nf1+ 35. Kg1 Ng3+ 36. Kh2 Nf1+
37. Kh1 { Game drawn by repetition } 1/2-1/2

[Event "ICC tourney 2198 (45 10)"]
[Site "Internet Chess Club"]
[Date "2020.12.12"]
[Round "1"]
[White "e4f5"]
[Black "loveEdinburgh"]
[Result "1-0"]
[ICCResult "Black resigns"]
[WhiteElo "2253"]
[BlackElo "1828"]
[Opening "Sicilian: Hungarian variation"]
[ECO "B34"]
[NIC "SI.43"]
[Time "11:02:44"]
[PlyCount "53"]
[TimeControl "2700+10"]


1. e4 c5 2. Nf3 g6 3. d4 cxd4 4. Nxd4 Bg7 5. Nc3 Nc6 6. Nb3 Nf6 7. Be2 O-O
8. O-O a6 9. a4 d6 10. Bg5 Be6 11. Kh1 h6 12. Bh4 g5 13. Bg3 d5 14. Nc5
Nxe4 15. N3xe4 dxe4 16. Nxe6 fxe6 17. Bc4 Qc8 18. c3 Be5 19. Qg4 Kg7 20.
Qxe4 Bxg3 21. fxg3 Rf6 22. Bd3 Qh8 23. Rxf6 exf6 24. Qxe6 Qf8 25. Qf5 Qh8
26. Rf1 Kg8 27. Qe6+ { Black resigns } 1-0

[Event "ICC tourney 2198 (45 10)"]
[Site "Internet Chess Club"]
[Date "2020.12.12"]
[Round "1"]
[White "AJ2000"]
[Black "amandapati"]
[Result "1/2-1/2"]
[ICCResult "Game drawn by repetition"]
[WhiteElo "1673"]
[BlackElo "2020"]
[Opening "Sicilian: Kan, Maróczy bind (Réti variation)"]
[ECO "B41"]
[NIC "SI.41"]
[Time "11:02:41"]
[PlyCount "38"]
[TimeControl "2700+10"]


1. e4 c5 2. Nf3 e6 3. d4 cxd4 4. Nxd4 a6 5. c4 Qc7 6. Nc3 Nc6 7. Be3 Nf6 8.
Be2 Ne5 9. Rc1 Bb4 10. f3 O-O 11. O-O Ng6 12. a3 Bd6 13. g3 Bxg3 14. hxg3
Qxg3+ 15. Kh1 Qh3+ 16. Kg1 Qg3+ 17. Kh1 Qh3+ 18. Kg1 Qg3+ 19. Kh1 Qh3+ {
Game drawn by repetition } 1/2-1/2

[Event "ICC tourney 2198 (45 10)"]
[Site "Internet Chess Club"]
[Date "2020.12.12"]
[Round "1"]
[White "AJM04"]
[Black "abi2009"]
[Result "1-0"]
[ICCResult "Black checkmated"]
[WhiteElo "2050"]
[BlackElo "1712"]
[Opening "Ruy Lopez: old Steinitz defense"]
[ECO "C62"]
[NIC "RL.02"]
[Time "11:02:27"]
[PlyCount "59"]
[TimeControl "2700+10"]


1. e4 e5 2. Nf3 Nc6 3. Bb5 d6 4. O-O g6 5. d4 Bg7 6. dxe5 dxe5 7. Qxd8+
Kxd8 8. Rd1+ Ke7 9. Be3 Bg4 10. Bc5+ Ke8 11. Nc3 a6 12. Nd5 Rc8 13. Bxc6+
bxc6 14. Nb4 Ne7 15. Nxa6 f5 16. h3 Bh5 17. exf5 gxf5 18. Re1 e4 19. Nd4
Bxd4 20. Bxd4 Rg8 21. Kh2 Kf7 22. a4 Nd5 23. a5 Nf4 24. g4 fxg4 25. Rxe4
Nxh3 26. Rae1 Ng5 27. Rf4+ Kg6 28. Rf6+ Kg7 29. Re7+ Kh8 30. Rf8# { Black
checkmated } 1-0

[Event "ICC tourney 2198 (45 10)"]
[Site "Internet Chess Club"]
[Date "2020.12.12"]
[Round "1"]
[White "Daniel-Lee"]
[Black "eigenator"]
[Result "0-1"]
[ICCResult "White resigns"]
[WhiteElo "1856"]
[BlackElo "2376"]
[Opening "French: Tarrasch"]
[ECO "C03"]
[NIC "FR.14"]
[Time "11:02:44"]
[PlyCount "58"]
[TimeControl "2700+10"]


1. e4 e6 2. d4 d5 3. Nd2 Be7 4. e5 c5 5. c3 Nc6 6. Ne2 Nh6 7. g3 cxd4 8.
cxd4 Nf5 9. Nf3 O-O 10. Bg2 Bd7 11. O-O Qb6 12. g4 Nh4 13. Qd3 Nb4 14. Qb3
Bb5 15. Bg5 Nxf3+ 16. Bxf3 Bc4 17. Qe3 Bxg5 18. Qxg5 Bxe2 19. Bxe2 Qxd4 20.
Rad1 Qxb2 21. Rd2 Qc3 22. h4 Nc6 23. f4 Qxd2 24. h5 h6 25. Qh4 Qxe2 26. g5
Nd4 27. gxh6 gxh6 28. Qf6 Kh7 29. Rf2 Rg8+ { White resigns } 0-1

[Event "ICC tourney 2198 (45 10)"]
[Site "Internet Chess Club"]
[Date "2020.12.12"]
[Round "1"]
[White "Zuiopal"]
[Black "Spinninja"]
[Result "1/2-1/2"]
[ICCResult "Game drawn by repetition"]
[WhiteElo "1740"]
[BlackElo "2107"]
[Opening "Grünfeld: exchange, Spassky variation"]
[ECO "D87"]
[NIC "GI.05"]
[Time "11:02:47"]
[PlyCount "56"]
[TimeControl "2700+10"]


1. d4 Nf6 2. c4 g6 3. Nc3 d5 4. cxd5 Nxd5 5. e4 Nxc3 6. bxc3 Bg7 7. Bc4 O-O
8. Ne2 c5 9. Be3 Nc6 10. O-O Qc7 11. Qc1 Rd8 12. Rd1 Na5 13. Bd3 c4 14. Bc2
e6 15. Bh6 b5 16. Bxg7 Kxg7 17. Qg5 Rb8 18. Nf4 h6 19. Nh5+ Kh7 20. Nf6+
Kg7 21. Nh5+ Kh7 22. Nf6+ Kg7 23. Nh5+ Kh7 24. Nf6+ Kg7 25. Nh5+ Kh7 26.
Nf6+ Kg7 27. Nh5+ Kh7 28. Nf6+ Kg7 { Game drawn by repetition } 1/2-1/2

[Event "ICC tourney 2198 (45 10)"]
[Site "Internet Chess Club"]
[Date "2020.12.12"]
[Round "1"]
[White "audreykeyanli"]
[Black "AmyMGL"]
[Result "0-1"]
[ICCResult "White checkmated"]
[WhiteElo "1240"]
[BlackElo "1900"]
[Opening "Sicilian: Kan, 5.Nc3"]
[ECO "B43"]
[NIC "SI.41"]
[Time "11:02:27"]
[PlyCount "118"]
[TimeControl "2700+10"]


1. e4 c5 2. Nf3 e6 3. d4 cxd4 4. Nxd4 a6 5. Nc3 Qc7 6. Be3 Bb4 7. Bd2 Nf6
8. Bd3 Nc6 9. Nxc6 dxc6 10. O-O O-O 11. Qe2 e5 12. a3 Bc5 13. Na4 Ba7 14.
c4 Bd4 15. Rab1 Rd8 16. b4 b5 17. cxb5 axb5 18. Nc3 Rxa3 19. Rfc1 Qb6 20.
h3 h6 21. Be3 Bxe3 22. fxe3 Qa7 23. Nxb5 cxb5 24. Bxb5 Qxe3+ 25. Qxe3 Rxe3
26. Bc6 Nxe4 27. b5 Nd6 28. b6 Nb7 29. Bb5 Bf5 30. Rb2 Be4 31. Ba6 Ra3 32.
Re1 Rxa6 33. Rxe4 f6 34. Rc4 Rd6 35. Rc8+ Kh7 36. Rb8 Raxb6 37. Rxb7 Rxb2
38. Rxb2 Kg6 39. g4 Kg5 40. Kg2 g6 41. Rb3 h5 42. Kg3 hxg4 43. hxg4 Rd4 44.
Kh3 Rxg4 45. Rf3 f5 46. Rg3 Rxg3+ 47. Kxg3 f4+ 48. Kf2 Kg4 49. Kg2 f3+ 50.
Kf2 Kf4 51. Kf1 Ke3 52. Ke1 f2+ 53. Kf1 e4 54. Kg2 Ke2 55. Kh3 f1=Q+ 56.
Kh4 Qg1 57. Kh3 Qg5 58. Kh2 Kf2 59. Kh3 Qg3# { White checkmated } 0-1

[Event "ICC tourney 2198 (45 10)"]
[Site "Internet Chess Club"]
[Date "2020.12.12"]
[Round "1"]
[White "Spence9000"]
[Black "ashikuzzaman"]
[Result "0-1"]
[ICCResult "White resigns"]
[WhiteElo "1625"]
[BlackElo "1943"]
[Opening "Sicilian: dragon variation"]
[ECO "B70"]
[NIC "SI.15"]
[Time "11:02:27"]
[PlyCount "126"]
[TimeControl "2700+10"]


1. e4 c5 2. Nf3 d6 3. d4 cxd4 4. Nxd4 Nf6 5. Nc3 g6 6. Be2 a6 7. Be3 b5 8.
a3 Bb7 9. f3 Nbd7 10. Qd2 Rc8 11. O-O Ne5 12. b3 Bg7 13. Rfd1 O-O 14. Rac1
Qc7 15. Na2 d5 16. exd5 Nxd5 17. Nb4 Nc3 18. Bd3 a5 19. Nxb5 Nxb5 20. Bxb5
axb4 21. Qxb4 Bc6 22. Ba6 Ra8 23. Bb6 Qb8 24. Be2 Nd7 25. Bc5 Nxc5 26. Qxc5
Qb7 27. Kh1 Bb2 28. Rb1 Bxa3 29. Qg5 Rfd8 30. Bc4 Rxd1+ 31. Rxd1 Bb2 32.
Qf4 e6 33. Qe3 Bd5 34. Bxd5 Qxd5 35. Rxd5 Ra1+ 36. Qg1 Rxg1+ 37. Kxg1 exd5
38. Kf2 Kf8 39. Ke3 Ke7 40. Kd3 Kd6 41. c3 Kc5 42. b4+ Kc6 43. Kc2 Ba3 44.
h3 d4 45. Kd3 dxc3 46. Kxc3 Kb5 47. Kd4 Bxb4 48. Ke5 Bc3+ 49. Kd6 Kc4 50.
Ke7 f5 51. Kf7 Kd5 52. Kg8 Ke6 53. Kxh7 Kf6 54. Kh6 Bd2+ 55. Kh7 Be1 56.
Kh6 f4 57. Kh7 Kg5 58. Kg7 Kf5 59. Kh6 g5 60. h4 Bxh4 61. Kh5 Be1 62. Kh6
Bc3 63. Kh5 Bg7 { White resigns } 0-1

[Event "ICC tourney 2198 (45 10)"]
[Site "Internet Chess Club"]
[Date "2020.12.12"]
[Round "1"]
[White "mopaska1106"]
[Black "dabpacman"]
[Result "1-0"]
[ICCResult "Black resigns"]
[WhiteElo "1918"]
[BlackElo "1466"]
[Opening "Benkö gambit accepted"]
[ECO "A58"]
[NIC "BI.45"]
[Time "11:02:40"]
[PlyCount "59"]
[TimeControl "2700+10"]


1. d4 Nf6 2. c4 c5 3. d5 b5 4. cxb5 a6 5. bxa6 g6 6. Nc3 Bg7 7. e4 d6 8.
Nf3 Bxa6 9. Bxa6 Nxa6 10. O-O O-O 11. a4 Qd7 12. Nd2 Rfb8 13. Nb5 Nc7 14.
Nc3 e6 15. Nc4 exd5 16. exd5 Rb4 17. Qd3 Qg4 18. Nxd6 Rd4 19. Qc2 Nfxd5 20.
Nxd5 Rxd5 21. Ne4 Na6 22. Be3 Rb8 23. Qc4 Qe6 24. Ng5 Qc6 25. Rad1 Rf5 26.
b3 h6 27. Ne4 Rb4 28. Rd8+ Bf8 29. Qc3 Qc7 30. Nf6+ { Black resigns } 1-0

[Event "ICC tourney 2198 (45 10)"]
[Site "Internet Chess Club"]
[Date "2020.12.12"]
[Round "1"]
[White "GutsyEdge"]
[Black "tigertiger2019"]
[Result "1-0"]
[ICCResult "Black checkmated"]
[WhiteElo "2027"]
[BlackElo "1684"]
[Opening "Grünfeld: Stockholm variation"]
[ECO "D80"]
[NIC "GI.03"]
[Time "11:02:47"]
[PlyCount "75"]
[TimeControl "2700+10"]


1. d4 Nf6 2. c4 g6 3. Nc3 d5 4. Bg5 Ne4 5. Bh4 Nxc3 6. bxc3 Bg7 7. e3 O-O
8. cxd5 Qxd5 9. Bxe7 Re8 10. Bh4 c5 11. Nf3 Nc6 12. Be2 cxd4 13. cxd4 Bf5
14. O-O Nb4 15. Qb3 Qd6 16. Ng5 Be6 17. Nxe6 fxe6 18. Rab1 Nd5 19. Bf3 b6
20. e4 Nc7 21. Bg3 Qe7 22. d5 Red8 23. d6 Rxd6 24. Bxd6 Qxd6 25. e5 Bxe5
26. Bxa8 Bxh2+ 27. Kh1 Nxa8 28. Qf3 Be5 29. Qxa8+ Kg7 30. Qb7+ Kh6 31. Rb3
Qd8 32. Rh3+ Kg5 33. Qe4 Kf6 34. Qh4+ g5 35. Qh6+ Kf5 36. Qxh7+ Kg4 37. f3+
Kf4 38. Qe4# { Black checkmated } 1-0

[Event "ICC tourney 2198 (45 10)"]
[Site "Internet Chess Club"]
[Date "2020.12.12"]
[Round "1"]
[White "funplaychess"]
[Black "imranchamp"]
[Result "1-0"]
[ICCResult "Black checkmated"]
[WhiteElo "2306"]
[BlackElo "1845"]
[Opening "Benkö gambit: main line"]
[ECO "A58"]
[NIC "BI.41"]
[Time "11:02:27"]
[PlyCount "125"]
[TimeControl "2700+10"]


1. d4 Nf6 2. c4 c5 3. d5 b5 4. cxb5 a6 5. bxa6 Bxa6 6. Nc3 g6 7. e4 Bxf1 8.
Kxf1 d6 9. Nf3 Bg7 10. g3 O-O 11. Kg2 Nbd7 12. a4 Ng4 13. Qe2 Qb6 14. Nd2
Ngf6 15. Nc4 Qa6 16. Nb5 Rfc8 17. Bd2 Ne8 18. Bc3 Nb6 19. Bxg7 Kxg7 20. b3
Nc7 21. a5 Nd7 22. Nba3 Rcb8 23. Qe3 f6 24. h4 h5 25. g4 Rh8 26. g5 Rhf8
27. Rh3 Rf7 28. Rd1 Ne5 29. gxf6+ exf6 30. Rg3 Raf8 31. Rg1 Kh7 32. Kh1 Ng4
33. Qf4 f5 34. Nxd6 Nxf2+ 35. Qxf2 Qxd6 36. Rxg6 Qxg6 37. Rxg6 Kxg6 38. Nc4
Kh7 39. Nd6 Rf6 40. Qxc5 fxe4 41. Qxc7+ Kh6 42. Nxe4 Rg6 43. Qc1+ Kh7 44.
Ng5+ Kg8 45. Qc7 Rg7 46. Qxg7+ Kxg7 47. Ne6+ Kf7 48. Nxf8 Kxf8 49. a6 Ke7
50. a7 Kd6 51. a8=Q Kc5 52. Qc6+ Kb4 53. Qc4+ Ka5 54. b4+ Kb6 55. Qc6+ Ka7
56. Kg2 Kb8 57. Kf3 Ka7 58. Ke4 Kb8 59. Kd4 Ka7 60. Kc5 Kb8 61. Qd7 Ka8 62.
Kb6 Kb8 63. Qd8# { Black checkmated } 1-0

[Event "ICC tourney 2198 (45 10)"]
[Site "Internet Chess Club"]
[Date "2020.12.12"]
[Round "1"]
[White "davidluscomb"]
[Black "Niteshc"]
[Result "1-0"]
[ICCResult "Black checkmated"]
[WhiteElo "1995"]
[BlackElo "1644"]
[Opening "Caro-Kann: Tartakower (Nimzovich) variation"]
[ECO "B15"]
[NIC "CK.06"]
[Time "11:02:43"]
[PlyCount "47"]
[TimeControl "2700+10"]


1. e4 c6 2. d4 d5 3. Nc3 dxe4 4. Nxe4 Nf6 5. Nxf6+ exf6 6. c3 Bd6 7. Bd3
O-O 8. Ne2 Re8 9. O-O Bg4 10. Qc2 h6 11. Ng3 Nd7 12. Be3 Qc7 13. Qd2 Nf8
14. f4 Re7 15. h3 Be6 16. Nh5 Rae8 17. f5 Bxf5 18. Bxh6 Bxd3 19. Bxg7 Nh7
20. Qxd3 Re6 21. Bxf6 Be7 22. Be5 Qd8 23. Qf5 Rg6 24. Qxf7# { Black
checkmated } 1-0

[Event "ICC tourney 2198 (45 10)"]
[Site "Internet Chess Club"]
[Date "2020.12.12"]
[Round "1"]
[White "zuz1209"]
[Black "chesslin"]
[Result "1-0"]
[ICCResult "Black resigns"]
[WhiteElo "2228"]
[BlackElo "1804"]
[Opening "Pirc: Austrian attack, 6.e5"]
[ECO "B06"]
[NIC "PU.06"]
[Time "11:03:54"]
[PlyCount "53"]
[TimeControl "2700+10"]


1. e4 g6 2. d4 Bg7 3. Nc3 d6 4. f4 Nf6 5. Nf3 O-O 6. e5 Nfd7 7. Bc4 Nb6 8.
Bb3 Na6 9. Be3 c5 10. dxc5 Nxc5 11. exd6 Nxb3 12. axb3 Bg4 13. O-O exd6 14.
Bd4 a6 15. Bxg7 Kxg7 16. Qd4+ Kg8 17. Rad1 Re8 18. Ne4 Re6 19. Nfg5 Bxd1
20. Nxe6 fxe6 21. Rxd1 Nd5 22. Ng5 Qe7 23. Nxe6 Qxe6 24. Qxd5 Re8 25. Kf2
Kf7 26. g3 Kf6 27. Qxd6 { Black resigns } 1-0

[Event "ICC tourney 2198 (45 10)"]
[Site "Internet Chess Club"]
[Date "2020.12.12"]
[Round "1"]
[White "MrNormalName"]
[Black "nikhilthota"]
[Result "1-0"]
[ICCResult "Black resigns"]
[WhiteElo "2181"]
[BlackElo "1800"]
[Opening "QGD: exchange, positional line"]
[ECO "D35"]
[NIC "QO.16"]
[Time "11:02:27"]
[PlyCount "87"]
[TimeControl "2700+10"]


1. d4 d5 2. c4 e6 3. Nc3 Nf6 4. cxd5 exd5 5. Bg5 Be7 6. e3 O-O 7. Bd3 c5 8.
Nge2 Nc6 9. dxc5 Bxc5 10. O-O h6 11. Bh4 g5 12. Bg3 Be6 13. Nb5 Nh5 14. Rc1
Nxg3 15. hxg3 Bb6 16. Nbd4 Nxd4 17. Nxd4 Bxd4 18. exd4 Qb6 19. Qd2 Kg7 20.
Bb1 Rac8 21. Qd3 Rh8 22. Rxc8 Bxc8 23. b3 Bd7 24. a4 Qg6 25. Qf3 Qc6 26.
Re1 Re8 27. Rxe8 Bxe8 28. Qf5 Kg8 29. Bd3 Qg6 30. Qe5 Qxd3 31. Qxe8+ Kg7
32. Qe5+ Kg8 33. Kh2 Qe4 34. Qb8+ Kg7 35. Qxa7 Qc2 36. Qxb7 Qxf2 37. Qxd5
f6 38. Qd7+ Kg6 39. Qe8+ Kg7 40. Qe7+ Kg6 41. d5 Qd2 42. d6 Qd1 43. Qe8+
Kg7 44. d7 { Black resigns } 1-0

[Event "ICC tourney 2198 (45 10)"]
[Site "Internet Chess Club"]
[Date "2020.12.12"]
[Round "1"]
[White "Leolix"]
[Black "kavyameiyappan"]
[Result "1-0"]
[ICCResult "Black forfeits on time"]
[WhiteElo "1947"]
[BlackElo "1628"]
[Opening "Queen's pawn, Mason variation"]
[ECO "D00"]
[NIC "QP.08"]
[Time "11:02:27"]
[PlyCount "45"]
[TimeControl "2700+10"]


1. d4 d5 2. Bf4 Nf6 3. e3 Bf5 4. c4 e6 5. Qb3 b6 6. Nc3 Bd6 7. Bxd6 Qxd6 8.
Rc1 O-O 9. cxd5 Nxd5 10. Nf3 Nxc3 11. Qxc3 Rc8 12. b4 c6 13. Be2 Nd7 14.
O-O c5 15. dxc5 bxc5 16. Rfd1 Qe7 17. Bb5 Nb6 18. bxc5 Nd5 19. Qd4 f6 20.
e4 Nc7 21. Bc6 Rd8 22. Qc4 Rxd1+ 23. Rxd1 { Black forfeits on time } 1-0

[Event "ICC tourney 2198 (45 10)"]
[Site "Internet Chess Club"]
[Date "2020.12.12"]
[Round "1"]
[White "saisneha"]
[Black "TjkTiger"]
[Result "0-1"]
[ICCResult "White resigns"]
[WhiteElo "1883"]
[BlackElo "2602"]
[Opening "King's Indian: Makagonov system (5.h3)"]
[ECO "E71"]
[NIC "KI.20"]
[Time "11:02:27"]
[PlyCount "62"]
[TimeControl "2700+10"]


1. d4 Nf6 2. c4 g6 3. Nc3 Bg7 4. e4 d6 5. h3 O-O 6. Nf3 c5 7. d5 e5 8. Bg5
h6 9. Be3 Nh5 10. Qd2 Kh7 11. g4 Nf4 12. Bxf4 exf4 13. Qxf4 Nd7 14. Qxd6
Ne5 15. Qxd8 Nxf3+ 16. Ke2 Nd4+ 17. Kd3 Rxd8 18. Bg2 Be5 19. Rhf1 g5 20.
Rab1 Ne6 21. Ne2 h5 22. Bf3 h4 23. a3 b6 24. b4 cxb4 25. axb4 a5 26. b5 a4
27. Nc1 a3 28. Na2 Ra4 29. Rh1 Nc5+ 30. Ke3 Rxc4 31. Rhd1 Bf4+ { White
resigns } 0-1

[Event "ICC tourney 2198 (45 10)"]
[Site "Internet Chess Club"]
[Date "2020.12.12"]
[Round "1"]
[White "yanje03"]
[Black "pawnpush202044"]
[Result "0-1"]
[ICCResult "White resigns"]
[WhiteElo "1452"]
[BlackElo "1915"]
[Opening "Sicilian: Najdorf"]
[ECO "B90"]
[NIC "SI.14"]
[Time "11:02:24"]
[PlyCount "90"]
[TimeControl "2700+10"]


1. e4 c5 2. Nf3 d6 3. d4 cxd4 4. Nxd4 Nf6 5. Nc3 a6 6. f3 e5 7. Nb3 Be7 8.
Be3 Be6 9. Qd2 O-O 10. O-O-O a5 11. Bb5 Na6 12. g4 Nc7 13. Be2 a4 14. Na1
a3 15. b3 d5 16. g5 d4 17. gxf6 Bxf6 18. Qe1 Qb8 19. Bf2 dxc3 20. Be3 b5
21. Qg3 Na6 22. Rhg1 Kh8 23. Kb1 Rg8 24. Bg5 Bxg5 25. Qxg5 Nc5 26. h4 Nd7
27. h5 h6 28. Qe3 b4 29. Rg3 Nf6 30. Rh1 Qd8 31. Bd3 Nh7 32. Qg1 Ng5 33.
Qe3 Qf6 34. Rhg1 Nh3 35. R1g2 Nf4 36. Rh2 Rad8 37. Rg1 Rd4 38. Rd1 Rgd8 39.
Rhh1 Qe7 40. Rh2 Bc8 41. Rhh1 Ba6 42. Rhg1 Bxd3 43. cxd3 Rxd3 44. Rxd3 Rxd3
45. Qb6 Qd7 { White resigns } 0-1

[Event "ICC tourney 2198 (45 10)"]
[Site "Internet Chess Club"]
[Date "2020.12.12"]
[Round "1"]
[White "ved2006"]
[Black "GeorgeDai"]
[Result "0-1"]
[ICCResult "White resigns"]
[WhiteElo "1719"]
[BlackElo "2060"]
[Opening "Queen's pawn game"]
[ECO "D05"]
[NIC "QP.06"]
[Time "11:02:27"]
[PlyCount "90"]
[TimeControl "2700+10"]


1. d4 Nf6 2. Nf3 e6 3. e3 d5 4. c4 Be7 5. Nc3 O-O 6. Bd3 b6 7. O-O Bb7 8.
Qc2 Nbd7 9. b3 c5 10. Bb2 Rc8 11. Qe2 Ne4 12. cxd5 exd5 13. Ba6 cxd4 14.
Nxe4 d3 15. Nf6+ Bxf6 16. Bxd3 Nc5 17. Bxf6 Qxf6 18. Nd4 Ne6 19. Nxe6 fxe6
20. Ba6 Bxa6 21. Qxa6 Rc2 22. Qxa7 Rxf2 23. Qa6 Qb2 24. Kh1 Rxf1+ 25. Rxf1
Rxf1+ 26. Qxf1 Qxa2 27. Qd1 Qf2 28. Qc1 Qf8 29. h3 Qc5 30. Qxc5 bxc5 31.
Kg1 Kf7 32. Kf2 Ke7 33. Ke2 Kd6 34. Kd3 Kc6 35. e4 Kb5 36. exd5 exd5 37.
Kc3 c4 38. bxc4+ dxc4 39. g3 g5 40. h4 g4 41. Kd4 Kb4 42. Ke4 c3 43. Kf4 c2
44. Kxg4 c1=Q 45. Kh5 Qc6 { White resigns } 0-1

[Event "ICC tourney 2198 (45 10)"]
[Site "Internet Chess Club"]
[Date "2020.12.12"]
[Round "1"]
[White "AlexW2007"]
[Black "Natey"]
[Result "0-1"]
[ICCResult "White resigns"]
[WhiteElo "2107"]
[BlackElo "1745"]
[Opening "Neo-Grünfeld, 6.O-O"]
[ECO "D77"]
[NIC "GI.02"]
[Time "11:02:27"]
[PlyCount "66"]
[TimeControl "2700+10"]


1. d4 Nf6 2. c4 g6 3. Nf3 Bg7 4. g3 O-O 5. Bg2 d5 6. O-O c5 7. cxd5 cxd4 8.
Nxd4 Nxd5 9. Nb3 e6 10. e4 Nb4 11. Nc3 N8c6 12. Qe2 b6 13. Rd1 Qe7 14. a3
Ba6 15. Nb5 Nd3 16. Qxd3 Rad8 17. Qc2 Bxb5 18. Be3 Ne5 19. Nd4 Rc8 20. Qd2
Nc4 21. Qb4 Qxb4 22. axb4 Nxe3 23. fxe3 Bxd4 24. exd4 Rc4 25. Rxa7 Rxb4 26.
d5 Rxb2 27. d6 Rd8 28. e5 Re2 29. d7 Kf8 30. Rd6 Ke7 31. Rxb6 Rxd7 32. Ra5
Bc4 33. Rb1 Bd5 { White resigns } 0-1

[Event "ICC tourney 2198 (45 10)"]
[Site "Internet Chess Club"]
[Date "2020.12.12"]
[Round "1"]
[White "karuto2006"]
[Black "KnightHopper"]
[Result "1/2-1/2"]
[ICCResult "Game drawn by mutual agreement"]
[WhiteElo "1699"]
[BlackElo "2039"]
[Opening "Sicilian: dragon, Yugoslav attack, Rauser variation"]
[ECO "B76"]
[NIC "SI.17"]
[Time "11:02:27"]
[PlyCount "134"]
[TimeControl "2700+10"]


1. e4 c5 2. Nf3 d6 3. d4 cxd4 4. Nxd4 Nf6 5. Nc3 g6 6. Be3 Bg7 7. f3 O-O 8.
Qd2 Nc6 9. O-O-O d5 10. Kb1 Nxd4 11. Bxd4 dxe4 12. Bxf6 Qxd2 13. Rxd2 exf6
14. Nxe4 f5 15. Nc5 b6 16. Na6 Bb7 17. Bb5 Rad8 18. Rhd1 Bf6 19. c3 Rxd2
20. Rxd2 Rd8 21. Rxd8+ Bxd8 22. Nb4 Bc7 23. Bc6 Bc8 24. h3 Kg7 25. Kc2 Bg3
26. Bd5 Kf6 27. Kd3 g5 28. a4 a5 29. Nc2 Bd7 30. b3 h5 31. Nd4 f4 32. Nc6
Bf5+ 33. Kc4 Bf2 34. b4 Bc2 35. bxa5 bxa5 36. Kb5 Be1 37. c4 Bd3 38. Bxf7
Bf5 39. Bxh5 Bd7 40. Bg4 Be8 41. Kb6 Bxc6 42. Kxc6 Ke7 43. Kd5 Bd2 44. Ke5
Be1 45. c5 Kd8 46. Be6 Kc7 47. Bd5 Bb4 48. Kf5 Bxc5 49. Kxg5 Kd6 50. Kxf4
Kxd5 51. g4 Kc4 52. g5 Kb3 53. g6 Bf8 54. Kg5 Kxa4 55. f4 Kb4 56. f5 a4 57.
f6 a3 58. g7 Bxg7 59. fxg7 a2 60. g8=Q a1=Q 61. Qb8+ Kc5 62. Qc7+ Kb5 63.
Qd7+ Kc4 64. Qg4+ Kd3 65. h4 Qg7+ 66. Kf4 Qd4+ 67. Kg3 Qg1+ { Game drawn by
mutual agreement } 1/2-1/2

[Event "ICC tourney 2198 (45 10)"]
[Site "Internet Chess Club"]
[Date "2020.12.12"]
[Round "1"]
[White "marble"]
[Black "Mrpeetapizza"]
[Result "1-0"]
[ICCResult "Black resigns"]
[WhiteElo "2537"]
[BlackElo "1877"]
[Opening "Sicilian"]
[ECO "B50"]
[NIC "SI.01"]
[Time "11:02:27"]
[PlyCount "89"]
[TimeControl "2700+10"]


1. e4 c5 2. Nf3 d6 3. c3 Nf6 4. Bd3 g6 5. Bc2 Bg7 6. d4 O-O 7. O-O Nbd7 8.
e5 Ne8 9. e6 fxe6 10. Ng5 Nc7 11. dxc5 Nxc5 12. Nxh7 Kxh7 13. Qh5+ Kg8 14.
Bxg6 Rf6 15. Qh7+ Kf8 16. Bh6 Rxg6 17. Qxg6 Bxh6 18. Qxh6+ Kg8 19. Qg6+ Kf8
20. Nd2 Qe8 21. Qh6+ Kg8 22. Rae1 Qf8 23. Qg6+ Qg7 24. Qb1 Nd5 25. f4 Qh7
26. Qd1 Nd3 27. Re4 Nc5 28. Re2 Nd3 29. g3 Nxb2 30. Qb3 Nd3 31. Ne4 Nc5 32.
Nxc5 dxc5 33. Re5 Nf6 34. Rxc5 b6 35. Rxc8+ Rxc8 36. Qxe6+ Kg7 37. Qxc8 Qe4
38. Qh3 Qe3+ 39. Kh1 Qxc3 40. Qg2 Ng4 41. Qf3 Ne3 42. Rg1 Qd2 43. g4 Nd5
44. Rd1 Qxf4 45. Qxd5 { Black resigns } 1-0

[Event "ICC tourney 2198 (45 10)"]
[Site "Internet Chess Club"]
[Date "2020.12.12"]
[Round "1"]
[White "WonderZ"]
[Black "RyanWu"]
[Result "1-0"]
[ICCResult "Black checkmated"]
[WhiteElo "2107"]
[BlackElo "1738"]
[Opening "Trompowsky attack (Ruth, Opocenský opening)"]
[ECO "A45"]
[NIC "QP.07"]
[Time "11:02:27"]
[PlyCount "115"]
[TimeControl "2700+10"]


1. d4 Nf6 2. Bg5 e6 3. e4 h6 4. Bxf6 Qxf6 5. Nc3 c5 6. Nge2 a6 7. a4 Nc6 8.
d5 Nd4 9. Qd2 e5 10. a5 b5 11. Nxd4 cxd4 12. Ne2 Bc5 13. Ng3 d6 14. Bd3 Bd7
15. Ne2 Qg6 16. f4 Qxg2 17. O-O-O Qh3 18. Rhg1 g6 19. Ng3 O-O-O 20. Rdf1 f5
21. fxe5 fxe4 22. Nxe4 Bf5 23. Rg3 Qh4 24. Nxc5 dxc5 25. Bxf5+ gxf5 26. d6
Qe4 27. Qg2 Kd7 28. Rg7+ Ke6 29. Qg6+ Kd5 30. Re7 c4 31. Qxf5 Qxf5 32. Rxf5
Rde8 33. Rff7 Kc6 34. d7 Rd8 35. Rf6+ Kb7 36. e6 Kc7 37. Rg7 Rdg8 38. Rxg8
Rxg8 39. Rxh6 c3 40. bxc3 dxc3 41. Kb1 Kd6 42. Ka2 Ke7 43. Kb3 Rb8 44. Kxc3
b4+ 45. Kb3 Kd6 46. h4 Rg8 47. Kxb4 Ke7 48. c4 Rb8+ 49. Kc3 Rg8 50. c5 Kd8
51. c6 Rg3+ 52. Kc4 Rg4+ 53. Kc5 Ke7 54. c7 Rg5+ 55. hxg5 Kf8 56. d8=Q+ Kg7
57. Qf6+ Kg8 58. Rh8# { Black checkmated } 1-0

[Event "ICC tourney 2198 (45 10)"]
[Site "Internet Chess Club"]
[Date "2020.12.12"]
[Round "1"]
[White "vvguys"]
[Black "gsmenon"]
[Result "0-1"]
[ICCResult "White resigns"]
[WhiteElo "1559"]
[BlackElo "1920"]
[Opening "QGD: exchange, positional line, 6.Qc2"]
[ECO "D36"]
[NIC "QO.16"]
[Time "11:02:27"]
[PlyCount "106"]
[TimeControl "2700+10"]


1. d4 d5 2. c4 e6 3. Nc3 Nf6 4. cxd5 exd5 5. Bg5 c6 6. Qc2 Be6 7. Nf3 Bd6
8. e3 h6 9. Bh4 O-O 10. Be2 Nbd7 11. O-O Re8 12. Rac1 Qb8 13. Bg3 Bxg3 14.
hxg3 Qd6 15. Rfe1 a5 16. a4 Rec8 17. b3 b6 18. Qb2 Nb8 19. Ne5 Nfd7 20. Nd3
Na6 21. e4 Nb4 22. exd5 Nxd5 23. Nxd5 Bxd5 24. Bg4 Re8 25. Nf4 Nf6 26. Nxd5
Nxd5 27. Bf3 Rxe1+ 28. Rxe1 Nb4 29. Qc3 Rd8 30. Rd1 Qf6 31. Qe3 Nc2 32. Qe4
Nxd4 33. Rc1 Nxf3+ 34. gxf3 c5 35. Qe3 Rd4 36. Rc2 Qf5 37. Rb2 Rd3 38. Qe2
Qxf3 39. Qxf3 Rxf3 40. Kg2 Rd3 41. f3 Kf8 42. Kf2 Ke7 43. Ke2 Rd4 44. Ke3
Kd6 45. Rc2 Kd5 46. g4 c4 47. Rc3 Rd3+ 48. Rxd3+ cxd3 49. Kxd3 g6 50. Kc3
h5 51. b4 h4 52. Kd3 h3 53. bxa5 bxa5 { White resigns } 0-1